 Dungeon Crawl Stone Soup version 0.28-a0-769-g550dbda0cd (webtiles) character file.

Game seed: 598865212768272319

2891 funkygono the Firebug (level 9, -9/48 HPs)
             Began as a Gargoyle Fire Elementalist on Oct 31, 2021.
             Was a Believer of Vehumet.
             Mangled by Snorg (18 damage)
             ... on level 10 of the Dungeon.
             The game lasted 00:16:17 (8775 turns).

funkygono the Firebug (Gargoyle Fire Elementalist)  Turns: 8775, Time: 00:16:18

Health: -9/48      AC: 18    Str: 12    XL:     9   Next: 77%
Magic:  2/20       EV: 12    Int: 19    God:    Vehumet [**....]
Gold:   102        SH:  0    Dex: 10    Spells: 11/22 levels left

rFire   + . .      SeeInvis .   e - +0 whip (venom)
rCold   . . .      Faith    .   (no shield)
rNeg    + . .      Spirit   .   a - +0 robe
rPois   ∞          Reflect  .   (no helmet)
rElec   +          Harm     .   o - +2 cloak
rCorr   .          Rampage  .   c - +1 pair of gloves
Will    .....                   z - +0 pair of boots
Stlth   ++........              (no amulet)
HPRegen 0.16/turn               d - +4 ring of protection
MPRegen 0.17/turn               w - ring of protection from fire

@: no status effects
A: sickness immunity, AC +6, negative energy resistance 1, electricity
resistance, torment resistance 1, petrification resistance
a: Renounce Religion


You were on level 10 of the Dungeon.
You worshipped Vehumet.
Vehumet was pleased with you.
You visited 2 branches of the dungeon, and saw 10 of its levels.

You collected 297 gold pieces.
You spent 195 gold pieces at shops.

Inventory:

Hand Weapons
 e - a +0 whip of venom (weapon)
 m - a +0 mace
 D - a +3 quarterstaff of chaos
Missiles
 f - 130 stones
 y - a throwing net
Armour
 a - a +0 robe (worn)
 c - a +1 pair of gloves (worn)
 o - a +2 cloak (worn)
 r - a +0 chain mail of cold resistance
 v - the +1 chain mail "Ugupousa" {rF++ rC+}
   (You found it on level 5 of the Dungeon)

   rF:        It greatly protects you from fire.
   rC:        It protects you from cold.
 z - a +0 pair of boots (worn)
Jewellery
 d - a +4 ring of protection (left hand)
 w - a ring of protection from fire (right hand)
Wands
 j - a wand of acid (7)
 C - a wand of flame (16)
Scrolls
 n - 2 scrolls of teleportation
Potions
 b - a potion of curing
 g - 2 potions of lignification
 h - a potion of flight {unknown}
 i - 2 potions of haste {unknown}
 k - a potion of degeneration {unknown}
 l - 4 potions of heal wounds {unknown}
 p - 3 potions of brilliance
 q - a potion of attraction {unknown}
 s - a potion of invisibility {unknown}
 t - a potion of might {unknown}
 u - a potion of ambrosia {unknown}
 x - a potion of mutation {unknown}


   Skills:
 + Level 2.0 Fighting
 + Level 2.1 Maces & Flails
 + Level 2.6 Dodging
 - Level 2.1 Stealth
 * Level 7.4 Spellcasting
 * Level 6.2 Conjurations
 * Level 7.7 Fire Magic
 * Level 4.0 Earth Magic


You had 11 spell levels left.
You knew the following spells:

 Your Spells              Type           Power      Damage    Failure   Level
a - Foxfire               Conj/Fire      100%       2x1d9     1%          1
b - Scorch                Fire           72%        2d9       1%          2
c - Conjure Flame         Conj/Fire      33%        6-21      1%          3
d - Flame Wave            Conj/Fire      33%        3d7       5%          4
e - Sandblast             Erth           44%        2d11      1%          1

Your spell library contained the following spells:

 Spells                   Type           Power      Damage    Failure   Level
 Searing Ray              Conj           60%        2d6       1%          2
 Inner Flame              Hex/Fire       21%        N/A       6%          3
 Summon Small Mammal      Summ           28%        N/A       10%         1
 Call Canine Familiar     Summ           7%         N/A       28%         3
 Summon Guardian Golem    Hex/Summ       7%         N/A       28%         3


Dungeon Overview and Level Annotations

Branches:
Dungeon (8/15)             Temple (1/1) D:4
   Lair: D:8-11

Altars:
Ashenzari
Cheibriados
Dithmenos
Elyvilon
Fedhas
Gozag
Kikubaaqudgha
Makhleb
Nemelex Xobeh
Okawaru
Qazlal
Ru
Sif Muna
Trog
Uskayaw
Vehumet
Wu Jian
Yredelemnul
Zin
The Shining One

Shops:
D:6 *   D:7 *

Annotations:
D:5 1 runed translucent door, NinjaGaidenIII's ghost, novice GnCj
D:10 Snorg


Innate Abilities, Weirdness & Mutations

You are immune to sickness and miasma.
Your stone body is resilient. (AC +6)
You are immune to poison.
You resist negative energy. (rN+)
You are resistant to electric shocks. (rElec)
You are resistant to unholy torment.
You are immune to petrification.


Message History

You conjure some foxfire!
The foxfire hits Snorg.
Snorg is heavily wounded.
The foxfire hits Snorg.
Snorg is heavily wounded.
Unknown command.
Casting: Foxfire (safe; 1% risk of failure)
Confirm with . or Enter, or press ? or * to list all spells.
You conjure some foxfire!
The foxfire hits Snorg.
Snorg is heavily wounded.
The foxfire hits Snorg.
Snorg is severely wounded.
Snorg bites you but does no damage. Snorg barely misses you.
Snorg claws you but does no damage.
Casting: Foxfire (safe; 1% risk of failure)
Confirm with . or Enter, or press ? or * to list all spells.
Flames lash Snorg.
Snorg is severely wounded.
Snorg's fire resistance burns away.
The foxfire hits Snorg.
Snorg is burned terribly!
Snorg is severely wounded.
The foxfire hits Snorg!
Snorg is burned terribly!
Snorg is almost dead.
Snorg goes berserk!
Casting: Scorch (safe; 1% risk of failure)
Confirm with . or Enter, or press ? or * to list all spells.
You conjure some foxfire!
Snorg bites you!! Snorg closely misses you. Snorg barely misses you.
Unknown command.
Casting: Foxfire (safe; 1% risk of failure)
Confirm with . or Enter, or press ? or * to list all spells.
Flames lash Snorg.
Snorg is burned terribly!
Snorg is almost dead.
The foxfire hits Snorg.
Snorg is almost dead.
The foxfire hits Snorg!
Snorg is burned terribly!
Snorg is almost dead.
Snorg misses you. Snorg claws you! Snorg closely misses you. Snorg bites you.
* * * LOW HITPOINT WARNING * * *
Snorg barely misses you. Snorg claws you!!
You die...

###############
......§........
..}....@.......
......T.§......
$..............
...<.../.......
...............
....>./........
........?....(.
...............


You could see Snorg (berserk, combustible).

Vanquished Creatures
  A vampire (D:6)
  A steam dragon (D:6)
  Menkaure (D:7)
  A water moccasin (D:5)
  An acid dragon (D:10)
  A black bear (D:5)
  A hornet zombie (D:5)
  2 necrophages (D:6)
  2 ogres (D:6)
  A phantom (D:6)
  A kobold brigand (D:5)
  3 bullfrogs
  A gnoll sergeant (D:7)
  2 wyvern zombies
  A water moccasin skeleton (D:7)
  5 wights (D:7)
  4 killer bees (D:8)
  A bullfrog zombie (D:5)
  4 hounds
  4 jellies
  An orc priest (D:5)
  Crazy Yiuf (D:7)
  A gnoll shaman (D:5)
  2 centaur skeletons
  2 iguanas
  An orc wizard (D:5)
  A mummy (D:3)
  A howler monkey zombie (D:10)
  13 gnolls
  A howler monkey skeleton (D:7)
  6 adders
  A river rat (D:5)
  A white imp (D:6)
  2 ufetubi
  An adder skeleton (D:4)
  A worm (D:5)
  A dart slug (D:4)
  10 orcs
  4 endoplasms
  4 giant cockroaches
  8 goblins
  10 hobgoblins
  13 kobolds
  3 quokkas
  12 ball pythons
  10 bats
  5 frilled lizards
  10 rats
164 creatures vanquished.

Vanquished Creatures (others)
  3 demonic plants (D:1)
  624 foxfires
  A fungus (D:1)
  3 plants (D:1)
  A withered plant (D:1)
632 creatures vanquished.

Grand Total: 796 creatures vanquished

Notes
Turn   | Place    | Note
-------+----------+-------------------------------------------
     0 | D:1      | funkygono the Gargoyle Fire Elementalist began the quest
                  | for the Orb.
     0 | D:1      | Reached XP level 1. HP: 10/10 MP: 3/3
   285 | D:1      | Reached XP level 2. HP: 15/15 MP: 1/5
   288 | D:1      | Learned a level 2 spell: Scorch
   754 | D:1      | Found a faded altar of an unknown god.
   993 | D:1      | Reached XP level 3. HP: 19/19 MP: 2/6
   997 | D:1      | Learned a level 3 spell: Conjure Flame
  2503 | D:3      | Reached skill level 1 in Maces & Flails
  2503 | D:3      | Reached XP level 4. HP: 24/24 MP: 5/8
  2641 | D:3      | Found a snail-covered altar of Cheibriados.
  3330 | D:3      | Found a basalt altar of Yredelemnul.
  3484 | D:3      | Reached XP level 5. HP: 28/28 MP: 1/9
  3722 | D:3      | Learned a level 4 spell: Flame Wave
  3805 | D:4      | Found a radiant altar of Vehumet.
  3813 | D:4      | Became a worshipper of Vehumet
  4001 | D:4      | Reached skill level 1 in Fighting
  4097 | D:4      | Found a staircase to the Ecumenical Temple.
  4116 | Temple   | Entered the Ecumenical Temple
  4320 | D:4      | Reached XP level 6. HP: 34/34 MP: 7/11
  4895 | D:5      | Entered Level 5 of the Dungeon
  4907 | D:5      | Reached skill level 5 in Fire Magic
  5289 | D:5      | Noticed a black bear
  5298 | D:5      | Killed a black bear
  5299 | D:5      | Reached XP level 7. HP: 37/38 MP: 6/13
  5911 | D:5      | Identified the +1 chain mail "Ugupousa" {rF++ rC+}
  5934 | D:5      | Reached * piety under Vehumet
  5934 | D:5      | Offered knowledge of Sandblast by Vehumet.
  6037 | D:5      | Found a runed translucent door.
  6044 | D:5      | Noticed NinjaGaidenIII's ghost (novice GnCj)
  6091 | D:5      | Reached skill level 5 in Spellcasting
  6244 | D:5      | Reached XP level 8. HP: 44/44 MP: 12/15
  6316 | D:5      | Found a shimmering blue altar of Sif Muna.
  6375 | D:5      | Learned a level 1 spell: Sandblast
  6702 | D:6      | Reached skill level 1 in Earth Magic
  6868 | D:6      | Found a broken altar of Ashenzari.
  7197 | D:6      | Reached skill level 5 in Conjurations
  7197 | D:6      | Reached XP level 9. HP: 48/48 MP: 10/18
  7345 | D:6      | Found Nughof's General Store.
  7353 | D:6      | Bought 2 scrolls of enchant armour for 195 gold pieces
  7392 | D:6      | Found an iron altar of Okawaru.
  7956 | D:7      | Offered knowledge of Searing Ray by Vehumet.
  7958 | D:7      | Reached ** piety under Vehumet
  7970 | D:7      | Noticed Menkaure
  7974 | D:7      | Killed Menkaure
  8093 | D:7      | Found Obenor's General Store.
  8287 | D:7      | Found an ornate altar of the Wu Jian Council.
  8519 | D:7      | Found a runed translucent door.
  8520 | D:7      | Noticed Crazy Yiuf
  8526 | D:7      | Killed Crazy Yiuf
  8752 | D:8      | You fall into a shaft and drop 2 floors!
  8752 | D:10     | Entered Level 10 of the Dungeon
  8764 | D:10     | Noticed Snorg
  8775 | D:10     | Mangled by Snorg

Illustrated notes

Levels and vault maps discovered:
D:1:      minmay_arrival_nine_rooms, layout_basic, serial_corexii_hall,
          corexii_hall_statues_i, corexii_hall_statues_l,
          shapermc_ecumenical_altar_gd, minmay_tiny_reverse_x
D:2:      layout_basic, chequers_jeans
D:3:      wander_river, layout_loops_ring, mainiacjoe_overflow_small_starburst,
          slow_altar_2, grunt_ministairs_6, st_stairs_13
D:4:      minmay_door_path, layout_loops_ring,
          mainiacjoe_overflow_surrounded_room,
          minmay_temple_entry_statues_fountains
D:5:      layout_basic, mainiacjoe_overflow_alcove_2,
          ebering_ghost_reflecting_pool, portal_sewer_entry_e
D:6:      layout_cave_pools, kennysheep_mini, nicolae_ashenzari_skybound,
          serial_shops, shop
D:7:      layout_rooms, nicolae_wu_jian_immortal_techniques,
          nicolae_stop_n_shop_2, uniq_menkaure, uniq_crazy_yiuf_cottage
D:8:      layout_layer_cave, hangedman_abyss_or_decor_stagger, uniq_maggie
D:10:     layout_cross, lemuel_crystal_altar,
          nicolae_hepliaklqana_monster_ancestors, chequers_decorated_corner,
          uniq_snorg
Temple:   cyrus_circular_temple

Skill      XL: |  1  2  3  4  5  6  7  8  9 |
---------------+----------------------------+-----
Maces & Flails | 1 2 |  2.1
Fire Magic     | 4 5 6 7 |  7.7
Spellcasting   | 3 4 5 6 7 |  7.4
Fighting       | 1 2 |  2.0
Conjurations   | 2 3 4 5 6 |  6.2
Dodging        | 2 |  2.6
Earth Magic    | 3 4 |  4.0
Stealth        | |  2.1

Action                   |  1- 3 |  4- 6 |  7- 9 || total
-------------------------+-------+-------+-------++-------
Melee: Unarmed           |     1 |       |       ||     1
       Whip              |    33 |    39 |    77 ||   149
 Cast: Foxfire           |    70 |   109 |   193 ||   372
       Scorch            |     1 |     6 |    21 ||    28
       Flame Wave        |       |       |     1 ||     1
  Use: Scroll            |     1 |     3 |     6 ||    10
       Potion            |       |       |     1 ||     1
Armor: Robe              |    10 |    54 |    68 ||   132
Dodge: Dodged            |    18 |    40 |    73 ||   131

Table legend: (Time is in decaauts)
 A = Elapsed time spent in this place.
 B = Non-inter-level travel time spent in this place.
 C = Inter-level travel time spent in this place.
 D = Time resting spent in this place.
 E = Time spent auto-exploring this place.
 F = Levels seen in this place.
 G = Mean time per level.
                   A        B        C        D        E       F      G
               +--------+--------+--------+--------+--------+-----+--------+
         Total |   8807 |   8603 |    204 |    989 |   5413 |  10 |  880.7 |
       Dungeon |   8755 |   8561 |    194 |    989 |   5379 |   9 |  972.8 |
        Temple |     51 |     42 |      9 |      0 |     34 |   1 |   51.0 |
               +--------+--------+--------+--------+--------+-----+--------+

Top non-repeatable levels by time:
     D:5: 1805 daAuts
     D:1: 1730 daAuts
     D:3: 1278 daAuts
     D:4: 1095 daAuts
     D:6: 1047 daAuts
     D:7: 994 daAuts
     D:2: 761 daAuts
  Temple: 51 daAuts
    D:10: 22 daAuts
     D:8: 19 daAuts
